[ AOE2 MATCH · #481734026 ]
Team RMShu vs Mongols
[ REPLAY ANALYSIS · EXTRACTED FROM THE RECORDED GAME ]
Feudal
10:40
Castle
24:58
Imperial
35:38
| APM avg | 19.8 |
| APM peak | 58 |
| eAPM avg | 11.5 |
| Villagers / military | 94 / 152 |
Focus
⚔️ 31.6% · 🌾 68.4%
Archer ×122 · Spearman ×24 · Unknown (1942) ×7 · Petard ×2 · Mangonel ×2 · Battering Ram ×2
Feudal
9:25
Castle
22:21
Imperial
40:06
| APM avg | 39.6 |
| APM peak | 101 |
| eAPM avg | 20.3 |
| Villagers / military | 158 / 192 |
Focus
⚔️ 34.6% · 🌾 65.4%
Camel Scout ×115 · Ghulam ×31 · Scout Cavalry ×31 · Spearman ×5 · Mangonel ×4 · Trebuchet (Packed) ×4
Feudal
12:14
Castle
22:01
Imperial
47:38
| APM avg | 17.8 |
| APM peak | 44 |
| eAPM avg | 11.7 |
| Villagers / military | 102 / 340 |
Focus
⚔️ 39.4% · 🌾 60.6%
Spearman ×240 · Skirmisher ×52 · Knight ×41 · Scorpion ×3 · Trebuchet (Packed) ×3 · Battering Ram ×1
Feudal
9:52
Castle
22:19
Imperial
38:51
| APM avg | 16.6 |
| APM peak | 63 |
| eAPM avg | 11.0 |
| Villagers / military | 118 / 227 |
Focus
⚔️ 30.9% · 🌾 69.1%
Skirmisher ×162 · Spearman ×31 · War Wagon ×13 · Iron Pagoda ×9 · Trebuchet (Packed) ×6 · Monk ×3
Feudal
12:08
Castle
22:43
Imperial
52:51
| APM avg | 21.3 |
| APM peak | 63 |
| eAPM avg | 16.4 |
| Villagers / military | 140 / 642 |
Focus
⚔️ 31.6% · 🌾 68.4%
Knight ×639 · Scout Cavalry ×3
Feudal
—
Castle
—
Imperial
—
| APM avg | 41.2 |
| APM peak | 87 |
| eAPM avg | 21.0 |
| Villagers / military | 171 / 313 |
Focus
⚔️ 38.1% · 🌾 61.9%
Camel Scout ×125 · Mangudai ×92 · Scout Cavalry ×77 · Trebuchet (Packed) ×9 · Battering Ram ×6 · Knight ×3
Match map
Initial resources + every placement click. Lines = walls · curves = elevation contours. ◆ gold · ⬟ stone · ● berries · ✦ relic · ◌ wall gap
Your base· ✓ Closed at 24:58 · 25t walls · 1 gate(s)
EZEKIEL_2517's base· Open — 1t gap
Internet Explorer's base· ✓ Closed at 22:01 · 70t walls · 1 gate(s)
Fisherman's base· Open — 4t gap
Microsoft Edge's base· Open — 2t gap
Moralelastic's base· Open — unwalled flank
Smoothed initial terrain · ◌ = detected wall gap · hover for details
Inputs per minute
— andrewytiger - - EZEKIEL_2517
Build order — andrewytiger
First 150 of 307 actions detected
| 0:01 | Create | Villager (Male) |
| 0:01 | Create | Villager (Male) |
| 0:01 | Create | Villager (Male) |
| 0:03 | Build | House |
| 0:07 | Build | House |
| 0:16 | Create | Villager (Male) |
| 1:26 | Create | Villager (Male) |
| 1:55 | Build | Lumber Camp |
| 2:07 | Create | Villager (Male) |
| 2:07 | Create | Villager (Male) |
| 2:21 | Create | Villager (Male) |
| 3:18 | Create | Villager (Male) |
| 3:18 | Create | Villager (Male) |
| 4:10 | Create | Villager (Male) |
| 4:11 | Create | Villager (Male) |
| 4:14 | Build | House |
| 4:44 | Build | Mill |
| 4:51 | Build | House |
| 4:54 | Build | House |
| 5:05 | Create | Villager (Male) |
| 5:24 | Create | Villager (Male) |
| 5:51 | Create | Villager (Male) |
| 6:50 | Create | Villager (Male) |
| 6:50 | Create | Villager (Male) |
| 6:50 | Create | Villager (Male) |
| 7:06 | Research | Loom |
| 7:24 | Create | Villager (Male) |
| 7:24 | Create | Villager (Male) |
| 7:38 | Create | Villager (Male) |
| 7:49 | Build | Lumber Camp |
| 8:16 | Build | Barracks |
| 8:28 | Research | Feudal Age |
| 8:48 | Build | House |
| 9:04 | Create | Villager (Male) |
| 9:29 | Create | Villager (Male) |
| 9:42 | Build | Mining Camp |
| 10:11 | Build | House |
| 10:40 | Age | Feudal Age |
| 10:46 | Build | Archery Range |
| 11:11 | Create | Spearman |
| 11:42 | Create | Villager (Male) |
| 11:50 | Build | Archery Range |
| 11:54 | Create | Archer ×3 |
| 11:56 | Create | Villager (Male) |
| 11:57 | Create | Villager (Male) |
| 12:13 | Create | Villager (Male) |
| 12:23 | Build | House |
| 12:30 | Build | Palisade Wall |
| 12:34 | Create | Villager (Male) |
| 12:38 | Create | Villager (Male) |
| 12:41 | Research | Town Watch |
| 12:51 | Build | Farm |
| 12:51 | Build | Farm |
| 12:59 | Research | Double-Bit Axe |
| 13:12 | Build | Farm |
| 13:33 | Create | Archer ×4 |
| 13:58 | Create | Spearman |
| 14:04 | Build | House |
| 14:42 | Create | Villager (Male) |
| 14:42 | Create | Villager (Male) |
| 14:42 | Create | Villager (Male) |
| 15:07 | Build | Farm |
| 15:11 | Build | Farm |
| 15:18 | Build | House |
| 15:55 | Create | Archer ×5 |
| 15:56 | Create | Villager (Male) |
| 16:13 | Build | Blacksmith |
| 16:16 | Create | Villager (Male) |
| 16:17 | Create | Villager (Male) |
| 16:47 | Build | Market |
| 17:10 | Build | Palisade Wall |
| 17:17 | Create | Villager (Male) |
| 17:27 | Build | Farm |
| 17:31 | Create | Villager (Male) |
| 17:37 | Build | Farm |
| 17:40 | Build | Farm |
| 18:01 | Research | Horse Collar |
| 18:02 | Research | Horse Collar |
| 18:16 | Create | Archer ×5 |
| 18:16 | Create | Archer |
| 18:17 | Create | Archer |
| 18:19 | Create | Villager (Male) |
| 18:41 | Research | Fletching |
| 18:49 | Create | Villager (Male) |
| 18:59 | Build | Farm |
| 19:03 | Build | Farm |
| 19:09 | Build | Farm |
| 19:15 | Build | Farm |
| 19:21 | Build | House |
| 19:28 | Build | Farm |
| 19:36 | Research | Padded Archer Armor |
| 19:40 | Research | Town Watch |
| 19:47 | Create | Villager (Male) |
| 19:55 | Build | House |
| 20:00 | Build | House |
| 20:08 | Create | Villager (Male) |
| 20:18 | Build | Farm |
| 20:23 | Build | Farm |
| 20:27 | Build | Farm |
| 20:31 | Research | Wheelbarrow |
| 21:01 | Create | Archer ×5 |
| 21:02 | Create | Villager (Male) |
| 22:18 | Research | Castle Age |
| 22:23 | Create | Archer ×2 |
| 22:23 | Create | Archer ×2 |
| 23:18 | Build | House |
| 23:20 | Build | House |
| 23:22 | Build | House |
| 24:11 | Build | Palisade Gate |
| 24:58 | Age | Castle Age |
| 25:01 | Research | Crossbowman (upgrade) |
| 25:05 | Research | Thumb Ring |
| 25:08 | Research | Bodkin Arrow |
| 25:08 | Research | Leather Archer Armor |
| 25:27 | Build | University |
| 25:36 | Research | Pikeman (upgrade) |
| 25:37 | Research | Squires |
| 25:44 | Research | Scale Mail Armor |
| 25:45 | Research | Forging |
| 25:51 | Create | Archer ×2 |
| 25:51 | Create | Archer ×2 |
| 26:17 | Build | Farm |
| 26:24 | Build | Farm |
| 26:50 | Create | Spearman ×3 |
| 26:51 | Create | Spearman ×3 |
| 27:23 | Research | Bow Saw |
| 27:25 | Create | Villager (Male) |
| 27:26 | Create | Villager (Male) |
| 27:26 | Create | Villager (Male) |
| 27:26 | Create | Villager (Male) |
| 27:27 | Create | Villager (Male) |
| 27:52 | Research | Ballistics |
| 28:07 | Create | Archer ×2 |
| 28:08 | Create | Archer ×2 |
| 28:28 | Build | House |
| 29:21 | Research | Masonry |
| 30:20 | Build | Siege Workshop |
| 31:10 | Create | Battering Ram |
| 31:10 | Create | Battering Ram |
| 31:46 | Build | House |
| 32:02 | Create | Archer ×4 |
| 32:02 | Create | Archer ×4 |
| 32:03 | Create | Villager (Male) |
| 32:04 | Create | Villager (Male) |
| 32:04 | Create | Villager (Male) |
| 32:04 | Create | Villager (Male) |
| 32:04 | Create | Villager (Male) |
| 32:05 | Create | Villager (Male) |
| 32:05 | Create | Villager (Male) |
| 32:06 | Create | Villager (Male) |
Build order — EZEKIEL_2517
First 150 of 585 actions detected
| 0:04 | Create | Villager (Male) |
| 0:05 | Create | Villager (Male) |
| 0:05 | Create | Villager (Male) |
| 0:05 | Create | Villager (Male) |
| 0:06 | Build | House |
| 0:08 | Build | House |
| 1:13 | Create | Villager (Male) |
| 1:38 | Create | Villager (Male) |
| 1:38 | Create | Villager (Male) |
| 1:42 | Build | Mill |
| 2:18 | Create | Villager (Male) |
| 2:35 | Create | Villager (Male) |
| 3:29 | Create | Villager (Male) |
| 3:30 | Create | Villager (Male) |
| 3:38 | Build | House |
| 4:11 | Create | Villager (Male) |
| 4:14 | Create | Villager (Male) |
| 4:17 | Create | Villager (Male) |
| 4:36 | Create | Villager (Male) |
| 5:01 | Create | Villager (Male) |
| 5:13 | Create | Villager (Male) |
| 5:13 | Create | Villager (Male) |
| 5:35 | Build | Lumber Camp |
| 5:38 | Create | Villager (Male) |
| 6:33 | Research | Loom |
| 6:53 | Research | Feudal Age |
| 7:30 | Build | Lumber Camp |
| 7:46 | Build | House |
| 8:53 | Build | Barracks |
| 9:18 | Build | House |
| 9:21 | Build | Palisade Wall |
| 9:25 | Age | Feudal Age |
| 9:27 | Create | Villager (Male) |
| 9:27 | Create | Villager (Male) |
| 9:31 | Research | Double-Bit Axe |
| 9:52 | Build | Stable |
| 10:12 | Create | Villager (Male) |
| 10:13 | Create | Villager (Male) |
| 10:23 | Build | Mill |
| 10:30 | Build | Palisade Wall |
| 10:34 | Create | Scout Cavalry |
| 10:34 | Create | Scout Cavalry |
| 10:34 | Create | Scout Cavalry |
| 10:39 | Build | Farm |
| 10:48 | Create | Spearman |
| 11:10 | Build | House |
| 11:16 | Create | Spearman |
| 11:45 | Build | Blacksmith |
| 11:50 | Build | Market |
| 11:52 | Create | Villager (Male) |
| 11:56 | Build | House |
| 11:58 | Build | House |
| 12:00 | Create | Spearman |
| 12:24 | Build | Palisade Wall |
| 12:31 | Build | Farm |
| 12:32 | Build | Farm |
| 12:34 | Build | Farm |
| 12:35 | Build | Farm |
| 13:00 | Build | Farm |
| 13:01 | Build | Farm |
| 13:02 | Create | Villager (Male) |
| 13:06 | Build | House |
| 13:08 | Build | House |
| 13:50 | Create | Villager (Male) |
| 13:51 | Create | Villager (Male) |
| 13:53 | Build | Farm |
| 13:53 | Build | Farm |
| 13:55 | Build | Farm |
| 14:42 | Create | Villager (Male) |
| 14:43 | Create | Villager (Male) |
| 14:43 | Create | Villager (Male) |
| 14:44 | Build | Farm |
| 14:45 | Build | Farm |
| 14:46 | Build | Farm |
| 15:08 | Create | Villager (Male) |
| 15:08 | Create | Villager (Male) |
| 15:10 | Create | Spearman |
| 15:19 | Build | Mining Camp |
| 15:21 | Create | Spearman |
| 15:48 | Build | Mill |
| 15:49 | Build | Farm |
| 15:50 | Build | Farm |
| 15:50 | Build | Farm |
| 15:50 | Build | Farm |
| 15:51 | Build | Farm |
| 15:51 | Build | Farm |
| 15:51 | Build | Farm |
| 16:00 | Build | House |
| 16:02 | Build | House |
| 16:31 | Research | Forging |
| 16:42 | Build | Farm |
| 16:47 | Create | Villager (Male) |
| 17:03 | Build | House |
| 17:13 | Research | Horse Collar |
| 17:13 | Research | Horse Collar |
| 17:47 | Research | Scale Barding Armor |
| 18:01 | Create | Villager (Male) |
| 18:01 | Create | Villager (Male) |
| 18:01 | Create | Villager (Male) |
| 18:02 | Create | Villager (Male) |
| 19:38 | Research | Castle Age |
| 19:38 | Research | Castle Age |
| 19:44 | Build | Stable |
| 19:54 | Build | House |
| 20:12 | Research | Bloodlines |
| 20:13 | Research | Bloodlines |
| 20:52 | Build | Stable |
| 21:17 | Build | House |
| 21:19 | Build | House |
| 21:27 | Research | Gold Mining |
| 22:02 | Build | House |
| 22:21 | Age | Castle Age |
| 22:22 | Research | Bow Saw |
| 22:28 | Research | Wheelbarrow |
| 22:28 | Research | Wheelbarrow |
| 22:31 | Build | House |
| 22:33 | Build | House |
| 22:36 | Create | Camel Scout |
| 22:36 | Create | Camel Scout |
| 22:36 | Create | Camel Scout |
| 22:36 | Create | Camel Scout |
| 22:37 | Create | Camel Scout |
| 22:37 | Create | Camel Scout |
| 22:56 | Research | Gold Shaft Mining |
| 22:56 | Research | Gold Shaft Mining |
| 23:07 | Create | Camel Scout |
| 23:07 | Create | Camel Scout |
| 23:08 | Create | Camel Scout |
| 23:21 | Research | Heavy Plow |
| 23:21 | Research | Heavy Plow |
| 23:30 | Create | Camel Scout |
| 23:44 | Create | Villager (Male) |
| 23:45 | Create | Villager (Male) |
| 23:45 | Create | Villager (Male) |
| 24:07 | Research | Hand Cart |
| 24:14 | Create | Camel Scout |
| 24:54 | Create | Villager (Male) |
| 24:55 | Create | Villager (Male) |
| 25:04 | Research | Chain Barding Armor |
| 25:05 | Research | Chain Barding Armor |
| 25:28 | Build | Town Center |
| 25:32 | Create | Villager (Male) |
| 25:37 | Create | Villager (Male) |
| 25:38 | Create | Villager (Male) |
| 26:03 | Create | Villager (Male) |
| 26:04 | Create | Villager (Male) |
| 26:18 | Create | Villager (Male) |
| 26:18 | Create | Villager (Male) |
| 26:18 | Create | Villager (Male) |
| 26:36 | Build | Town Center |
Build order — Internet Explorer
First 150 of 320 actions detected
| 0:01 | Create | Villager (Male) ×4 |
| 0:02 | Build | House |
| 0:04 | Build | House |
| 1:26 | Create | Villager (Male) |
| 1:54 | Build | Lumber Camp |
| 2:27 | Create | Villager (Male) ×2 |
| 2:27 | Create | Villager (Male) ×2 |
| 3:08 | Create | Villager (Male) ×2 |
| 3:22 | Build | House |
| 3:30 | Build | House |
| 3:36 | Build | House |
| 3:38 | Create | Villager (Male) |
| 3:52 | Create | Villager (Male) |
| 3:53 | Create | Villager (Male) |
| 4:26 | Build | Mill |
| 4:30 | Create | Villager (Male) |
| 4:54 | Create | Villager (Male) |
| 4:55 | Create | Villager (Male) |
| 5:29 | Create | Villager (Male) |
| 5:29 | Create | Villager (Male) |
| 5:29 | Create | Villager (Male) |
| 6:41 | Create | Villager (Male) ×5 |
| 6:52 | Create | Villager (Male) |
| 7:08 | Build | House |
| 7:15 | Build | Palisade Wall |
| 7:31 | Create | Villager (Male) ×5 |
| 8:29 | Build | Palisade Wall |
| 9:13 | Build | Farm |
| 9:16 | Build | Farm |
| 9:20 | Build | Farm |
| 9:32 | Build | Mining Camp |
| 9:38 | Research | Loom |
| 9:38 | Research | Feudal Age |
| 10:06 | Build | Palisade Wall |
| 10:18 | Build | Palisade Wall |
| 10:24 | Create | Villager (Male) |
| 10:25 | Create | Villager (Male) |
| 11:00 | Build | Barracks |
| 11:18 | Build | Palisade Gate |
| 11:30 | Build | House |
| 11:34 | Build | Palisade Wall |
| 11:40 | Build | House |
| 12:06 | Build | Palisade Gate |
| 12:11 | Build | Palisade Wall |
| 12:14 | Age | Feudal Age |
| 12:20 | Create | Spearman |
| 12:20 | Create | Spearman |
| 12:30 | Build | Palisade Wall |
| 13:25 | Create | Spearman |
| 13:42 | Build | Palisade Wall |
| 14:32 | Build | Stable |
| 14:35 | Create | Villager (Male) |
| 14:35 | Create | Villager (Male) |
| 14:35 | Create | Villager (Male) |
| 14:39 | Build | Farm |
| 14:43 | Create | Spearman |
| 14:53 | Build | Farm |
| 14:54 | Create | Villager (Male) |
| 15:06 | Research | Double-Bit Axe |
| 15:17 | Build | Farm |
| 15:25 | Build | Farm |
| 15:26 | Build | Farm |
| 15:40 | Build | Market |
| 15:47 | Create | Villager (Male) |
| 15:56 | Build | Farm |
| 16:21 | Build | Farm |
| 16:25 | Build | Farm |
| 16:44 | Build | Farm |
| 17:01 | Build | Farm |
| 17:02 | Build | Farm |
| 17:13 | Build | Farm |
| 17:22 | Build | Farm |
| 17:27 | Create | Villager (Male) |
| 17:27 | Create | Villager (Male) |
| 17:55 | Build | House |
| 18:19 | Build | Blacksmith |
| 18:38 | Create | Villager (Male) |
| 18:54 | Build | Farm |
| 19:12 | Build | House |
| 19:21 | Research | Castle Age |
| 19:33 | Create | Spearman |
| 19:34 | Create | Spearman |
| 19:47 | Create | Villager (Male) |
| 19:47 | Create | Villager (Male) |
| 19:58 | Build | Stable |
| 20:18 | Build | Stone Wall |
| 20:28 | Build | Stone Wall |
| 20:47 | Create | Villager (Male) |
| 21:08 | Build | Farm |
| 21:21 | Create | Villager (Male) |
| 21:22 | Create | Villager (Male) |
| 21:36 | Build | House |
| 21:41 | Build | House |
| 21:44 | Build | House |
| 21:58 | Research | Gold Mining |
| 22:01 | Age | Castle Age |
| 22:06 | Create | Knight ×5 |
| 22:07 | Research | Husbandry |
| 22:46 | Build | Town Center |
| 22:53 | Build | House |
| 22:55 | Build | House |
| 22:58 | Create | Knight ×2 |
| 23:05 | Research | Squires |
| 23:13 | Create | Villager (Male) |
| 23:37 | Research | Pikeman (upgrade) |
| 23:58 | Create | Villager (Male) ×3 |
| 24:20 | Build | Palisade Gate |
| 24:41 | Create | Knight ×2 |
| 24:55 | Create | Villager (Male) |
| 24:56 | Create | Villager (Male) |
| 24:59 | Create | Spearman |
| 24:59 | Create | Spearman |
| 25:00 | Create | Spearman |
| 25:25 | Create | Villager (Male) |
| 26:01 | Build | Gate |
| 26:07 | Create | Knight ×3 |
| 26:14 | Create | Villager (Male) |
| 26:14 | Create | Villager (Male) |
| 26:14 | Create | Villager (Male) |
| 26:15 | Create | Villager (Male) |
| 26:32 | Build | House |
| 26:43 | Build | Stone Wall |
| 27:04 | Build | Stone Wall |
| 27:06 | Create | Spearman ×5 |
| 28:11 | Build | Palisade Wall |
| 28:21 | Create | Villager (Male) ×5 |
| 28:29 | Create | Spearman |
| 28:35 | Build | Barracks |
| 28:39 | Create | Villager (Male) ×5 |
| 28:46 | Build | Barracks |
| 29:08 | Build | House |
| 29:19 | Build | House |
| 29:34 | Create | Villager (Male) |
| 29:35 | Create | Villager (Male) |
| 29:36 | Create | Villager (Male) |
| 29:36 | Create | Villager (Male) |
| 29:39 | Build | Farm |
| 29:50 | Create | Spearman ×5 |
| 29:54 | Build | Farm |
| 29:59 | Create | Spearman ×4 |
| 30:05 | Build | Barracks |
| 30:15 | Create | Knight |
| 30:22 | Build | House |
| 30:32 | Build | House |
| 30:35 | Build | House |
| 30:45 | Build | Lumber Camp |
| 31:14 | Build | House |
| 31:17 | Build | House |
| 31:24 | Create | Spearman |
| 32:02 | Build | Farm |
Build order — Fisherman
First 150 of 360 actions detected
| 0:01 | Create | Villager (Male) |
| 0:01 | Create | Villager (Male) |
| 0:01 | Create | Villager (Male) |
| 0:02 | Create | Villager (Male) |
| 0:02 | Create | Villager (Male) |
| 0:05 | Build | House |
| 0:08 | Build | House |
| 1:25 | Create | Villager (Male) |
| 1:25 | Create | Villager (Male) |
| 2:08 | Create | Villager (Male) |
| 2:14 | Research | Loom |
| 2:30 | Create | Villager (Male) |
| 2:46 | Build | Mill |
| 2:53 | Create | Villager (Male) |
| 3:20 | Create | Villager (Male) |
| 3:20 | Create | Villager (Male) |
| 3:51 | Create | Villager (Male) |
| 3:59 | Build | House |
| 4:15 | Create | Villager (Male) |
| 5:20 | Create | Villager (Male) |
| 5:40 | Create | Villager (Male) |
| 6:45 | Build | Lumber Camp |
| 7:02 | Create | Villager (Male) |
| 7:42 | Research | Feudal Age |
| 8:04 | Build | House |
| 8:36 | Build | Barracks |
| 9:18 | Build | Farm |
| 9:52 | Age | Feudal Age |
| 9:57 | Create | Villager (Male) |
| 9:57 | Create | Villager (Male) |
| 9:58 | Create | Villager (Male) |
| 9:58 | Create | Villager (Male) |
| 9:58 | Create | Villager (Male) |
| 9:59 | Create | Villager (Male) |
| 10:09 | Build | Farm |
| 10:14 | Build | Farm |
| 10:16 | Build | Farm |
| 10:19 | Build | Farm |
| 10:46 | Build | House |
| 10:48 | Build | House |
| 10:50 | Build | House |
| 11:53 | Build | Farm |
| 11:55 | Build | Farm |
| 11:57 | Build | Farm |
| 12:01 | Create | Villager (Male) |
| 12:01 | Create | Villager (Male) |
| 12:09 | Research | Double-Bit Axe |
| 12:13 | Research | Horse Collar |
| 12:21 | Create | Spearman |
| 12:21 | Create | Spearman |
| 12:22 | Create | Spearman |
| 12:32 | Build | House |
| 12:34 | Build | House |
| 12:43 | Build | Farm |
| 12:45 | Build | Farm |
| 12:51 | Create | Villager (Male) |
| 12:51 | Create | Villager (Male) |
| 13:32 | Build | Stable |
| 13:39 | Build | House |
| 13:41 | Build | House |
| 13:48 | Create | Villager (Male) |
| 13:48 | Create | Villager (Male) |
| 13:49 | Create | Villager (Male) |
| 13:56 | Build | Farm |
| 14:15 | Build | Mill |
| 14:23 | Build | Farm |
| 14:24 | Build | Farm |
| 14:26 | Build | Farm |
| 14:29 | Build | Farm |
| 14:53 | Create | Spearman |
| 14:53 | Create | Spearman |
| 14:54 | Create | Spearman |
| 15:02 | Create | Villager (Male) |
| 15:02 | Create | Villager (Male) |
| 15:32 | Build | House |
| 15:34 | Build | House |
| 15:36 | Build | House |
| 15:45 | Build | Farm |
| 15:56 | Research | Wheelbarrow |
| 16:03 | Build | Farm |
| 16:30 | Build | Blacksmith |
| 17:08 | Build | House |
| 17:33 | Build | Market |
| 17:39 | Research | Arson |
| 17:58 | Build | House |
| 18:26 | Build | Mining Camp |
| 18:49 | Create | Villager (Male) |
| 18:49 | Create | Villager (Male) |
| 19:11 | Build | Lumber Camp |
| 19:21 | Research | Gold Mining |
| 19:38 | Research | Castle Age |
| 19:57 | Research | Fletching |
| 20:15 | Build | Archery Range |
| 20:25 | Create | Spearman |
| 20:26 | Create | Spearman |
| 20:26 | Create | Spearman |
| 20:27 | Create | Spearman |
| 20:34 | Research | Scale Mail Armor |
| 21:21 | Build | Mining Camp |
| 22:15 | Create | Militia |
| 22:15 | Create | Militia |
| 22:15 | Create | Militia |
| 22:19 | Age | Castle Age |
| 22:25 | Research | Bow Saw |
| 22:30 | Research | Heavy Plow |
| 22:44 | Build | Town Center |
| 22:49 | Create | Villager (Male) |
| 22:50 | Create | Villager (Male) |
| 22:50 | Create | Villager (Male) |
| 22:50 | Create | Villager (Male) |
| 22:51 | Create | Villager (Male) |
| 22:51 | Create | Villager (Male) |
| 23:08 | Research | Pikeman (upgrade) |
| 23:25 | Build | Town Center |
| 23:40 | Build | Farm |
| 23:56 | Create | Villager (Male) |
| 23:56 | Create | Villager (Male) |
| 23:57 | Create | Villager (Male) |
| 23:57 | Create | Villager (Male) |
| 24:16 | Research | Chain Mail Armor |
| 24:45 | Research | Squires |
| 24:47 | Create | Spearman |
| 24:47 | Create | Spearman |
| 24:47 | Create | Spearman |
| 25:12 | Research | Elite Skirmisher (upgrade) |
| 25:29 | Create | Villager (Male) |
| 25:29 | Create | Villager (Male) |
| 25:29 | Create | Villager (Male) |
| 25:53 | Create | Villager (Male) |
| 25:54 | Create | Villager (Male) |
| 25:54 | Create | Villager (Male) |
| 25:55 | Create | Villager (Male) |
| 26:28 | Build | Mill |
| 26:46 | Build | Archery Range |
| 26:54 | Create | Skirmisher ×5 |
| 26:55 | Create | Skirmisher ×5 |
| 27:12 | Build | Town Center |
| 27:23 | Create | Villager (Male) |
| 27:23 | Create | Villager (Male) |
| 27:23 | Create | Villager (Male) |
| 27:24 | Create | Villager (Male) |
| 27:24 | Create | Villager (Male) |
| 27:43 | Build | Farm |
| 27:43 | Build | Farm |
| 27:43 | Build | Farm |
| 27:43 | Build | Farm |
| 27:44 | Build | Farm |
| 27:44 | Build | Farm |
| 27:44 | Build | Farm |
| 27:45 | Build | Farm |
Build order — Microsoft Edge
First 150 of 465 actions detected
| 0:02 | Build | House |
| 0:04 | Build | House |
| 0:05 | Create | Villager (Male) |
| 0:05 | Create | Villager (Male) |
| 0:06 | Create | Villager (Male) |
| 0:30 | Create | Villager (Male) |
| 1:28 | Create | Villager (Male) |
| 1:28 | Create | Villager (Male) |
| 2:03 | Create | Villager (Male) |
| 2:03 | Create | Villager (Male) |
| 2:20 | Build | Lumber Camp |
| 2:23 | Create | Villager (Male) |
| 2:23 | Create | Villager (Male) |
| 2:50 | Create | Villager (Male) |
| 2:50 | Create | Villager (Male) |
| 2:57 | Create | Villager (Male) |
| 2:57 | Create | Villager (Male) |
| 3:38 | Create | Villager (Male) |
| 3:38 | Create | Villager (Male) |
| 4:06 | Create | Villager (Male) |
| 4:06 | Create | Villager (Male) |
| 4:14 | Build | House |
| 4:17 | Build | House |
| 4:25 | Build | House |
| 4:27 | Create | Villager (Male) |
| 4:27 | Create | Villager (Male) |
| 4:40 | Research | Loom |
| 4:40 | Create | Villager (Male) |
| 5:01 | Create | Villager (Male) |
| 5:01 | Create | Villager (Male) |
| 5:02 | Create | Villager (Male) |
| 5:14 | Build | Mill |
| 5:25 | Build | House |
| 5:31 | Build | House |
| 5:37 | Build | Palisade Wall |
| 5:43 | Create | Villager (Male) |
| 5:43 | Create | Villager (Male) |
| 5:44 | Create | Villager (Male) |
| 6:25 | Create | Villager (Male) |
| 6:26 | Create | Villager (Male) |
| 6:52 | Create | Villager (Male) |
| 7:02 | Build | House |
| 8:34 | Create | Villager (Male) |
| 8:35 | Create | Villager (Male) |
| 8:35 | Create | Villager (Male) |
| 8:35 | Create | Villager (Male) |
| 9:07 | Create | Villager (Male) |
| 9:07 | Create | Villager (Male) |
| 9:08 | Create | Villager (Male) |
| 9:28 | Create | Villager (Male) |
| 9:48 | Build | Barracks |
| 9:52 | Create | Villager (Male) |
| 9:52 | Create | Villager (Male) |
| 9:53 | Create | Villager (Male) |
| 9:58 | Research | Feudal Age |
| 11:00 | Create | Villager (Male) |
| 11:02 | Create | Villager (Male) |
| 11:02 | Create | Villager (Male) |
| 11:11 | Build | House |
| 11:17 | Build | House |
| 11:50 | Create | Villager (Male) |
| 11:50 | Create | Villager (Male) |
| 12:08 | Age | Feudal Age |
| 12:13 | Research | Double-Bit Axe |
| 12:27 | Build | Stable |
| 12:32 | Build | Stable |
| 12:55 | Build | Farm |
| 12:58 | Build | Farm |
| 13:01 | Build | Farm |
| 13:21 | Create | Villager (Male) |
| 13:21 | Create | Villager (Male) |
| 13:33 | Build | Mining Camp |
| 13:46 | Create | Villager (Male) |
| 13:54 | Create | Villager (Male) |
| 14:05 | Build | Farm |
| 14:10 | Build | Farm |
| 14:11 | Build | Farm |
| 14:12 | Build | Farm |
| 14:13 | Build | Farm |
| 14:22 | Build | Farm |
| 14:24 | Build | Farm |
| 14:24 | Build | Farm |
| 14:25 | Build | Farm |
| 14:27 | Build | Farm |
| 14:29 | Build | Farm |
| 14:29 | Build | Farm |
| 14:29 | Build | Farm |
| 14:30 | Build | Farm |
| 14:31 | Build | Farm |
| 14:32 | Build | Farm |
| 14:33 | Build | Farm |
| 14:36 | Build | Farm |
| 14:39 | Create | Villager (Male) |
| 14:39 | Create | Villager (Male) |
| 14:44 | Create | Scout Cavalry |
| 14:44 | Create | Scout Cavalry |
| 14:44 | Create | Scout Cavalry |
| 15:02 | Build | Farm |
| 15:04 | Build | Farm |
| 15:48 | Build | Farm |
| 15:49 | Build | Farm |
| 15:50 | Build | Farm |
| 15:52 | Build | Farm |
| 15:57 | Create | Villager (Male) |
| 15:58 | Create | Villager (Male) |
| 16:14 | Build | Farm |
| 16:32 | Build | Farm |
| 16:33 | Create | Villager (Male) |
| 17:05 | Build | Lumber Camp |
| 17:10 | Create | Villager (Male) |
| 17:38 | Build | Market |
| 17:43 | Create | Villager (Male) |
| 18:45 | Build | Blacksmith |
| 18:47 | Create | Villager (Male) |
| 19:12 | Create | Villager (Male) |
| 19:12 | Create | Villager (Male) |
| 19:45 | Research | Castle Age |
| 20:14 | Build | Lumber Camp |
| 20:25 | Create | Villager (Male) |
| 20:25 | Create | Villager (Male) |
| 20:26 | Create | Villager (Male) |
| 20:27 | Research | Gold Mining |
| 20:40 | Build | Palisade Wall |
| 20:44 | Build | Palisade Wall |
| 21:03 | Build | House |
| 21:05 | Build | House |
| 21:08 | Build | House |
| 21:19 | Build | Stable |
| 21:50 | Research | Scale Barding Armor |
| 21:50 | Research | Forging |
| 21:59 | Build | Palisade Wall |
| 22:01 | Create | Villager (Male) |
| 22:02 | Create | Villager (Male) |
| 22:25 | Build | House |
| 22:27 | Build | House |
| 22:29 | Build | House |
| 22:37 | Build | House |
| 22:43 | Age | Castle Age |
| 22:46 | Research | Chain Barding Armor |
| 22:48 | Create | Villager (Male) |
| 22:48 | Create | Villager (Male) |
| 22:50 | Research | Gold Shaft Mining |
| 22:52 | Research | Bow Saw |
| 22:55 | Create | Knight ×3 |
| 22:55 | Create | Knight ×3 |
| 22:55 | Create | Knight ×3 |
| 22:55 | Create | Knight ×3 |
| 22:55 | Create | Knight ×3 |
| 23:38 | Build | Farm |
| 23:50 | Build | House |
Build order — Moralelastic
First 150 of 588 actions detected
| 0:01 | Create | Villager (Male) |
| 0:01 | Create | Villager (Male) |
| 0:01 | Create | Villager (Male) |
| 0:02 | Create | Villager (Male) |
| 0:02 | Build | House |
| 0:04 | Build | House |
| 1:26 | Create | Villager (Male) |
| 1:52 | Create | Villager (Male) |
| 2:18 | Create | Villager (Male) |
| 2:21 | Build | Lumber Camp |
| 2:32 | Create | Villager (Male) |
| 3:12 | Create | Villager (Male) |
| 3:23 | Build | House |
| 3:32 | Create | Villager (Male) |
| 4:01 | Create | Villager (Male) |
| 4:16 | Create | Villager (Male) |
| 4:26 | Build | Mill |
| 4:29 | Create | Villager (Male) |
| 4:29 | Research | Loom |
| 5:50 | Research | Feudal Age |
| 6:10 | Create | Villager (Male) |
| 6:44 | Build | Barracks |
| 7:17 | Build | House |
| 8:08 | Build | Stable |
| 8:10 | Create | Villager (Male) |
| 8:27 | Build | House |
| 8:46 | Create | Villager (Male) |
| 9:05 | Create | Scout Cavalry |
| 9:05 | Create | Scout Cavalry |
| 9:06 | Create | Villager (Male) |
| 9:08 | Build | Farm |
| 9:10 | Build | Farm |
| 9:22 | Build | House |
| 9:27 | Create | Villager (Male) |
| 9:28 | Create | Scout Cavalry |
| 9:37 | Build | Palisade Wall |
| 9:40 | Build | Palisade Wall |
| 9:42 | Build | Palisade Wall |
| 9:44 | Build | Palisade Wall |
| 9:46 | Create | Villager (Male) |
| 9:53 | Research | Double-Bit Axe |
| 9:58 | Create | Villager (Male) |
| 10:02 | Build | Palisade Wall |
| 10:17 | Create | Villager (Male) |
| 10:27 | Build | Mill |
| 10:30 | Create | Villager (Male) |
| 10:49 | Create | Villager (Male) |
| 10:52 | Build | Farm |
| 10:54 | Build | Farm |
| 11:03 | Build | House |
| 11:17 | Build | Farm |
| 11:24 | Create | Villager (Male) |
| 11:37 | Create | Villager (Male) |
| 11:41 | Build | House |
| 11:44 | Build | Farm |
| 11:54 | Create | Villager (Male) |
| 12:11 | Build | Lumber Camp |
| 12:16 | Create | Villager (Male) |
| 12:17 | Create | Villager (Male) |
| 12:22 | Build | House |
| 12:33 | Build | Farm |
| 12:48 | Build | Farm |
| 12:55 | Build | House |
| 13:21 | Create | Villager (Male) |
| 13:23 | Build | Farm |
| 13:30 | Build | Palisade Wall |
| 13:31 | Build | Palisade Wall |
| 13:43 | Create | Villager (Male) |
| 13:45 | Build | Farm |
| 13:56 | Build | Blacksmith |
| 14:19 | Build | Farm |
| 14:24 | Create | Villager (Male) |
| 14:31 | Build | Farm |
| 14:40 | Build | Palisade Wall |
| 14:51 | Build | Mining Camp |
| 14:53 | Create | Villager (Male) |
| 15:23 | Create | Villager (Male) |
| 15:30 | Build | Market |
| 15:38 | Create | Villager (Male) |
| 16:01 | Create | Villager (Male) |
| 16:10 | Build | Stable |
| 16:35 | Research | Castle Age |
| 16:45 | Build | House |
| 16:53 | Research | Forging |
| 17:18 | Build | House |
| 17:21 | Build | Palisade Wall |
| 17:31 | Research | Bloodlines |
| 17:33 | Research | Gold Mining |
| 17:35 | Research | Horse Collar |
| 17:46 | Create | Villager (Male) |
| 17:59 | Build | Farm |
| 18:14 | Build | House |
| 18:15 | Build | House |
| 18:16 | Build | House |
| 18:23 | Build | Farm |
| 18:52 | Build | House |
| 18:53 | Build | House |
| 18:54 | Build | House |
| 18:56 | Build | House |
| 19:20 | Research | Scale Barding Armor |
| 19:28 | Research | Husbandry |
| 19:30 | Create | Camel Scout ×2 |
| 19:30 | Create | Camel Scout ×2 |
| 19:40 | Build | Town Center |
| 19:45 | Create | Villager (Male) |
| 19:56 | Build | Farm |
| 20:03 | Build | Farm |
| 20:07 | Create | Villager (Male) |
| 20:11 | Create | Camel Scout |
| 20:11 | Create | Camel Scout |
| 20:23 | Create | Villager (Male) |
| 20:40 | Create | Camel Scout |
| 20:47 | Create | Villager (Male) |
| 20:51 | Create | Villager (Male) |
| 20:59 | Create | Camel Scout |
| 21:12 | Build | Farm |
| 21:18 | Build | Farm |
| 21:18 | Build | Farm |
| 21:18 | Build | Farm |
| 21:20 | Build | Farm |
| 21:24 | Create | Villager (Male) |
| 21:27 | Create | Camel Scout |
| 21:41 | Build | Farm |
| 21:43 | Create | Camel Scout |
| 21:57 | Create | Camel Scout |
| 22:02 | Create | Villager (Male) |
| 22:06 | Build | Farm |
| 22:10 | Create | Villager (Male) |
| 22:23 | Create | Camel Scout |
| 22:25 | Build | Town Center |
| 22:39 | Create | Villager (Male) |
| 22:41 | Create | Camel Scout |
| 22:41 | Create | Camel Scout |
| 22:51 | Build | Farm |
| 22:52 | Create | Villager (Male) |
| 22:54 | Create | Villager (Male) |
| 23:18 | Build | Farm |
| 23:19 | Create | Villager (Male) |
| 23:20 | Create | Villager (Male) |
| 23:36 | Create | Villager (Male) |
| 23:41 | Build | Farm |
| 23:42 | Create | Villager (Male) |
| 23:43 | Create | Villager (Male) |
| 23:58 | Create | Villager (Male) |
| 23:58 | Create | Villager (Male) |
| 24:11 | Create | Villager (Male) |
| 24:24 | Create | Villager (Male) |
| 24:33 | Build | Farm |
| 24:34 | Build | Farm |
| 25:02 | Create | Camel Scout |
Match timeline
| 5:37 | Microsoft Edge · wall_segment Palisade Wall x1 |
| 6:44 | Moralelastic · first_building Barracks |
| 7:15 | Internet Explorer · wall_segment Palisade Wall x9 |
| 8:08 | Moralelastic · first_building Stable |
| 8:16 | andrewytiger · first_building Barracks |
| 8:29 | Internet Explorer · wall_segment Palisade Wall x14 |
| 8:36 | Fisherman · first_building Barracks |
| 8:53 | EZEKIEL_2517 · first_building Barracks |
| 9:21 | EZEKIEL_2517 · wall_segment Palisade Wall x3 |
| 9:25 | EZEKIEL_2517 · age_up feudal |
| 9:37 | Moralelastic · wall_segment Palisade Wall x1 |
| 9:40 | Moralelastic · wall_segment Palisade Wall x1 |
| 9:42 | Moralelastic · wall_segment Palisade Wall x1 |
| 9:44 | Moralelastic · wall_segment Palisade Wall x1 |
| 9:48 | Microsoft Edge · first_building Barracks |
| 9:52 | EZEKIEL_2517 · first_building Stable |
| 9:52 | Fisherman · age_up feudal |
| 10:02 | Moralelastic · wall_segment Palisade Wall x7 |
| 10:06 | Internet Explorer · wall_segment Palisade Wall x11 |
| 10:18 | Internet Explorer · wall_segment Palisade Wall x13 |
| 10:30 | EZEKIEL_2517 · wall_segment Palisade Wall x6 |
| 10:40 | andrewytiger · age_up feudal |
| 10:46 | andrewytiger · first_building Archery Range |
| 11:00 | Internet Explorer · first_building Barracks |
| 11:34 | Internet Explorer · wall_segment Palisade Wall x1 |
| 12:08 | Microsoft Edge · age_up feudal |
| 12:11 | Internet Explorer · wall_segment Palisade Wall x1 |
| 12:14 | Internet Explorer · age_up feudal |
| 12:24 | EZEKIEL_2517 · wall_segment Palisade Wall x6 |
| 12:27 | Microsoft Edge · first_building Stable |
| 12:30 | andrewytiger · wall_segment Palisade Wall x14 |
| 12:30 | Internet Explorer · wall_segment Palisade Wall x4 |
| 13:30 | Moralelastic · wall_segment Palisade Wall x1 |
| 13:31 | Moralelastic · wall_segment Palisade Wall x1 |
| 13:32 | Fisherman · first_building Stable |
| 13:42 | Internet Explorer · wall_segment Palisade Wall x2 |
| 14:32 | Internet Explorer · first_building Stable |
| 14:40 | Moralelastic · wall_segment Palisade Wall x7 |
| 16:30 | Moralelastic · first_market_sell 100 wood |
| 17:10 | andrewytiger · wall_segment Palisade Wall x11 |
| 17:21 | Moralelastic · wall_segment Palisade Wall x9 |
| 19:31 | Fisherman · first_market_sell 100 wood |
| 20:15 | Fisherman · first_building Archery Range |
| 20:18 | Internet Explorer · wall_segment Stone Wall x9 |
| 20:28 | Internet Explorer · wall_segment Stone Wall x6 |
| 20:40 | Microsoft Edge · wall_segment Palisade Wall x10 |
| 20:44 | Microsoft Edge · wall_segment Palisade Wall x5 |
| 21:25 | andrewytiger · first_market_sell 100 wood |
| 21:27 | andrewytiger · first_market_buy 100 food |
| 21:59 | Microsoft Edge · wall_segment Palisade Wall x8 |
| 22:01 | Internet Explorer · age_up castle |
| 22:19 | Fisherman · age_up castle |
| 22:21 | EZEKIEL_2517 · age_up castle |
| 22:43 | Microsoft Edge · age_up castle |
| 23:54 | Moralelastic · first_market_buy 100 food |
| 24:35 | Microsoft Edge · first_market_sell 100 wood |
| 24:38 | Microsoft Edge · first_market_buy 100 food |
| 24:58 | andrewytiger · age_up castle |
| 26:43 | Internet Explorer · wall_segment Stone Wall x1 |
| 27:04 | Internet Explorer · wall_segment Stone Wall x7 |
| 27:51 | EZEKIEL_2517 · first_building Siege Workshop |
| 28:11 | Internet Explorer · wall_segment Palisade Wall x1 |
| 29:54 | Moralelastic · first_building Castle |
| 30:20 | andrewytiger · first_building Siege Workshop |
| 30:47 | EZEKIEL_2517 · wall_segment Palisade Wall x1 |
| 30:58 | EZEKIEL_2517 · first_market_sell 500 food |
| 31:02 | EZEKIEL_2517 · first_market_buy 100 food |
| 34:31 | Internet Explorer · wall_segment Palisade Wall x23 |
| 35:00 | Fisherman · first_building Monastery |
| 35:38 | andrewytiger · age_up imperial |
| 35:39 | EZEKIEL_2517 · first_building Castle |
| 36:09 | Microsoft Edge · wall_segment Stone Wall x3 |
| 36:45 | EZEKIEL_2517 · first_building Monastery |
| 37:19 | Internet Explorer · tribute_sent a jugador 1 |
| 37:19 | Internet Explorer · tribute_sent a jugador 2 |
| 37:19 | Internet Explorer · tribute_sent a jugador 4 |
| 37:19 | Internet Explorer · tribute_sent a jugador 5 |
| 37:19 | Internet Explorer · tribute_sent a jugador 6 |
| 37:29 | Fisherman · first_building Castle |
| 37:31 | Internet Explorer · first_building Siege Workshop |
| 38:51 | Fisherman · age_up imperial |
| 40:05 | Internet Explorer · first_building Archery Range |
| 40:06 | EZEKIEL_2517 · age_up imperial |
| 40:19 | andrewytiger · first_building Monastery |
| 41:52 | Internet Explorer · first_building Castle |
| 44:40 | Microsoft Edge · tribute_sent a jugador 1 |
| 44:40 | Microsoft Edge · tribute_sent a jugador 2 |
| 44:40 | Microsoft Edge · tribute_sent a jugador 3 |
| 44:40 | Microsoft Edge · tribute_sent a jugador 4 |
| 44:40 | Microsoft Edge · tribute_sent a jugador 6 |
| 44:57 | andrewytiger · tribute_sent a jugador 2 |
| 44:57 | andrewytiger · tribute_sent a jugador 3 |
| 44:57 | andrewytiger · tribute_sent a jugador 4 |
| 44:57 | andrewytiger · tribute_sent a jugador 5 |
| 44:57 | andrewytiger · tribute_sent a jugador 6 |
| 45:15 | Microsoft Edge · wall_segment Stone Wall x8 |
| 46:52 | EZEKIEL_2517 · tribute_sent a jugador 1 |
| 46:52 | EZEKIEL_2517 · tribute_sent a jugador 3 |
| 46:52 | EZEKIEL_2517 · tribute_sent a jugador 4 |
| 46:52 | EZEKIEL_2517 · tribute_sent a jugador 5 |
| 46:52 | EZEKIEL_2517 · tribute_sent a jugador 6 |
| 47:18 | Microsoft Edge · first_building Monastery |
| 47:34 | EZEKIEL_2517 · first_building Archery Range |
| 47:34 | andrewytiger · first_building Castle |
| 47:38 | Internet Explorer · age_up imperial |
| 47:45 | Microsoft Edge · first_building Castle |
| 47:51 | Internet Explorer · wall_segment Stone Wall x7 |
| 47:53 | EZEKIEL_2517 · tribute_sent a jugador 1 |
| 47:53 | EZEKIEL_2517 · tribute_sent a jugador 3 |
| 47:53 | EZEKIEL_2517 · tribute_sent a jugador 4 |
| 47:53 | EZEKIEL_2517 · tribute_sent a jugador 5 |
| 47:53 | EZEKIEL_2517 · tribute_sent a jugador 6 |
| 49:47 | Microsoft Edge · wall_segment Stone Wall x3 |
| 50:46 | Fisherman · first_building Siege Workshop |
| 52:51 | Microsoft Edge · age_up imperial |
| 54:16 | EZEKIEL_2517 · tribute_sent a jugador 1 |
| 54:16 | EZEKIEL_2517 · tribute_sent a jugador 3 |
| 54:16 | EZEKIEL_2517 · tribute_sent a jugador 4 |
| 54:16 | EZEKIEL_2517 · tribute_sent a jugador 5 |
| 54:16 | EZEKIEL_2517 · tribute_sent a jugador 6 |
| 54:19 | Moralelastic · first_building Monastery |
| 54:26 | EZEKIEL_2517 · tribute_sent a jugador 1 |
| 54:26 | EZEKIEL_2517 · tribute_sent a jugador 3 |
| 54:26 | EZEKIEL_2517 · tribute_sent a jugador 4 |
| 54:26 | EZEKIEL_2517 · tribute_sent a jugador 5 |
| 54:26 | EZEKIEL_2517 · tribute_sent a jugador 6 |
| 55:04 | Moralelastic · first_building Siege Workshop |
| 56:49 | Internet Explorer · wall_segment Stone Wall x3 |
| 57:39 | andrewytiger · tribute_sent a jugador 2 |
| 57:39 | andrewytiger · tribute_sent a jugador 3 |
| 57:39 | andrewytiger · tribute_sent a jugador 4 |
| 57:39 | andrewytiger · tribute_sent a jugador 5 |
| 57:39 | andrewytiger · tribute_sent a jugador 6 |
| 59:09 | Internet Explorer · first_market_buy 100 food |
| 60:02 | Internet Explorer · resign |
[ AI ANALYSIS · 1 CREDIT ]
What really happened in this match?
Wolo.gg analyzes every decision: build order, eco, micro, common mistakes by bracket. Personalized analysis on WhatsApp or Discord in 30 seconds.
Civ guide
Shu
Map guide
Arabia
Perfil
andrewytiger